[Event "Titled Tuesday Blitz August 15 Late 2023"]
[White "Gertler, David"]
[Black "Seletsky, Grigory"]
[WhiteFideId "2017377"]
[BlackFideId "14112191"]
[WhiteElo "2303"]
[BlackElo "2488"]
[Result "0-1"]
[Round "2"]
[TimeControl "180+1"]
[Date "2023.08.15"]
[WhiteClock "0:01:05"]
[BlackClock "0:01:36"]
[Board "130"]

1. e4 c5 2. c3 Qa5 3. Nf3 Nc6 4. Bc4 d6 5. O-O Nf6 6. Re1 e6 7. d4 cxd4 8. cxd4 d5 9. exd5 Nxd5 10. a3 Be7 11. Bd2 Qd8 12. Nc3 Nxc3 13. bxc3 O-O 14. Qe2 Bf6 15. Rab1 b6 16. Qe4 Bb7 17. Bd3 g6 18. Qg4 Rc8 19. h4 Ne7 20. h5 Nf5 21. hxg6 hxg6 22. Ng5 Qd7 23. Nxe6 fxe6 24. Qxg6+ Qg7 0-1


[Site "https://www.chess.com"]

[Event "Titled Tuesday Blitz August 15 Late 2023"]
[White "Tomb, Maroun"]
[Black "Garmendiarov"]
[WhiteFideId "5300398"]
[WhiteElo "2486"]
[BlackElo "2300"]
[Result "1-0"]
[Round "2"]
[TimeControl "180+1"]
[Date "2023.08.15"]
[WhiteClock "0:00:13"]
[BlackClock "0:00:13"]
[Board "131"]

1. e4 c5 2. Ne2 Nf6 3. Nbc3 d6 4. g3 Nc6 5. Bg2 g6 6. d4 cxd4 7. Nxd4 Bd7 8. O-O Bg7 9. Nde2 O-O 10. h3 Rc8 11. a4 a6 12. Re1 Qc7 13. Kh2 Nb4 14. Be3 Bc6 15. Nd4 Rfd8 16. a5 d5 17. Nxc6 Qxc6 18. exd5 Nfxd5 19. Nxd5 Nxd5 20. Bb6 Nxb6 21. Bxc6 Rxd1 22. Raxd1 Rxc6 23. Rd8+ Bf8 24. axb6 e6 25. c3 Rxb6 26. Re2 Kg7 27. Rd7 Kf6 28. g4 h6 29. Kg2 Bd6 30. Rd2 Bf4 31. Rc2 g5 32. Kf3 a5 33. Ke2 Rb5 34. c4 Re5+ 35. Kf3 b6 36. Rb7 Re1 37. Rxb6 Rh1 38. c5 Rxh3+ 39. Ke2 h5 40. gxh5 Rxh5 41. c6 Rh8 42. Ra6 Bc7 43. Rd2 Rb8 44. Ra7 Bb6 45. Rb7 Rxb7 46. cxb7 Bc7 47. Rd7 Bb8 48. Rd8 1-0


[Site "https://www.chess.com"]

[Event "Titled Tuesday Blitz August 15 Late 2023"]
[White "Young_Catalan_Player09"]
[Black "Michalczak, Thomas"]
[BlackFideId "4622634"]
[WhiteElo "2300"]
[BlackElo "2486"]
[Result "1-0"]
[Round "2"]
[TimeControl "180+1"]
[Date "2023.08.15"]
[WhiteClock "0:00:46"]
[BlackClock "0:00:04"]
[Board "132"]

1. d4 Nf6 2. Nf3 d5 3. g3 c5 4. Bg2 cxd4 5. O-O e6 6. Nxd4 Bc5 7. c4 O-O 8. Nc3 dxc4 9. Ndb5 a6 10. Qa4 Bd7 11. Qxc4 Qb6 12. Na4 Bxf2+ 13. Rxf2 Qxb5 14. Qxb5 Bxb5 15. Nb6 Ra7 16. Bg5 Ng4 17. Rf4 f6 18. Rxg4 fxg5 19. Rxg5 Nd7 20. Rxb5 axb5 21. Nxd7 Rd8 22. Nc5 b6 23. Nxe6 Rd2 24. Nf4 Rxb2 25. Bd5+ Kh8 26. Rd1 g5 27. Ne6 Rxe2 28. Rc1 h6 29. Bb3 Kh7 30. Nf8+ Kg7 31. Ne6+ Kf6 32. Nd4 Rd2 33. Rf1+ Ke5 34. Nc6+ Ke4 35. Nxa7 1-0


[Site "https://www.chess.com"]

[Event "Titled Tuesday Blitz August 15 Late 2023"]
[White "Bazilius, Augustinas"]
[Black "rikchessmx"]
[WhiteFideId "12832251"]
[WhiteElo "2483"]
[BlackElo "2290"]
[Result "0-1"]
[Round "2"]
[TimeControl "180+1"]
[Date "2023.08.15"]
[WhiteClock "0:00:01"]
[BlackClock "0:00:26"]
[Board "133"]

1. d4 Nf6 2. c4 e6 3. Nf3 c5 4. d5 b5 5. dxe6 fxe6 6. cxb5 Bb7 7. Nc3 d5 8. e4 d4 9. e5 Nfd7 10. Na4 Be7 11. Bc4 Bd5 12. Bxd5 exd5 13. O-O O-O 14. e6 Nf6 15. Qc2 Qc8 16. Re1 Ne4 17. Rxe4 dxe4 18. Qxe4 Bd6 19. Qxa8 Qxe6 20. Bg5 Nd7 21. Qc6 Rxf3 22. Qxf3 Ne5 23. Qe4 d3 24. f4 Qg4 25. Qd5+ Nf7 26. Qxd3 Nxg5 27. Qd5+ Nf7 28. Nxc5 Qxf4 29. Qa8+ Bb8 30. Nd7 Qxh2+ 31. Kf2 Qf4+ 32. Qf3 Qd4+ 33. Qe3 Qxd7 34. Rd1 Bd6 35. Qd3 g6 36. Kf1 Qe7 37. Qe2 Qf6+ 38. Qf3 Qxb2 39. Qa8+ Bf8 40. Qxa7 Qxb5+ 41. Kg1 Qe2 42. Rf1 Qe6 43. Qf2 Qd5 44. Kh1 Bc5 45. Qf3 Qe6 46. Qa8+ Kg7 47. Qf3 Qc4 48. Qf6+ Kg8 49. Qf3 Qxa2 50. Qc3 Qd5 51. Qc2 Qh5# 0-1


[Site "https://www.chess.com"]

[Event "Titled Tuesday Blitz August 15 Late 2023"]
[White "Pein, Malcolm"]
[Black "Kirillov, Dmitry"]
[WhiteFideId "400289"]
[BlackFideId "34180572"]
[WhiteElo "2286"]
[BlackElo "2483"]
[Result "0-1"]
[Round "2"]
[TimeControl "180+1"]
[Date "2023.08.15"]
[WhiteClock "0:00:00"]
[BlackClock "0:00:11"]
[Board "134"]

1. d4 e6 2. Nf3 f5 3. Nc3 Nf6 4. Bg5 Bb4 5. Qd3 d6 6. a3 Bxc3+ 7. Qxc3 Nbd7 8. Qb3 Qe7 9. e3 h6 10. Bh4 g5 11. Bg3 Ne4 12. O-O-O h5 13. h4 g4 14. Ng5 Nxg3 15. fxg3 Nf6 16. Bc4 d5 17. Bb5+ c6 18. Bd3 b6 19. Kb1 Bb7 20. c4 O-O 21. cxd5 cxd5 22. Qb4 Qxb4 23. axb4 a5 24. Nxe6 Rf7 25. b5 Re7 26. Nf4 Rxe3 27. Bxf5 Rxg3 28. Rhf1 Re8 29. Bg6 Ree3 30. Nxh5 Nxh5 31. Bxh5 Rxg2 32. Rf7 Bc8 33. Rdf1 Be6 34. Rf8+ Kg7 35. Re8 Bf5+ 36. Ka1 Rxe8 37. Bxe8 Be4 38. h5 Kh6 39. Rf6+ Kg5 40. Rg6+ Kxh5 41. Rxb6+ Kg5 42. Rg6+ Bxg6 43. b6 Rg1+ 44. Ka2 Re1 0-1


[Site "https://www.chess.com"]

[Event "Titled Tuesday Blitz August 15 Late 2023"]
[White "Itkis, Boris"]
[Black "Sariego Figueredo, Wilfredo"]
[WhiteFideId "1209167"]
[BlackFideId "3500080"]
[WhiteElo "2482"]
[BlackElo "2284"]
[Result "1-0"]
[Round "2"]
[TimeControl "180+1"]
[Date "2023.08.15"]
[WhiteClock "0:01:50"]
[BlackClock "0:00:00"]
[Board "135"]

1. c4 c6 2. Nf3 d5 3. g3 Nf6 4. Bg2 g6 5. b3 Bg7 6. Bb2 O-O 7. O-O dxc4 8. bxc4 Bg4 9. d3 Nbd7 10. Nbd2 Re8 11. h3 Bf5 12. g4 Be6 13. Ng5 Nf8 14. Nxe6 Nxe6 15. Rb1 Qd7 16. Nf3 Nf4 17. Ne5 Qc7 18. Qd2 Nxg2 19. Kxg2 b6 20. f4 Rad8 21. Nf3 h5 22. Be5 Qd7 23. g5 Nh7 24. Bxg7 Kxg7 25. Ne5 Qe6 26. Qc3 Kg8 27. Rbe1 Nf8 28. e4 Nd7 29. Nf3 Nc5 30. Re3 Qd6 31. d4 Nb7 32. f5 c5 33. d5 Qd7 34. Ne5 Qd6 35. Nxf7 Kxf7 36. e5 Qc7 37. e6+ Kg8 38. fxg6 Nd6 39. Rf7 Nxf7 40. gxf7+ Kh7 41. Qd3+ 1-0


[Site "https://www.chess.com"]

[Event "Titled Tuesday Blitz August 15 Late 2023"]
[White "6PackPlayer"]
[Black "Molenda, Marcin"]
[BlackFideId "1173065"]
[WhiteElo "2281"]
[BlackElo "2480"]
[Result "1-0"]
[Round "2"]
[TimeControl "180+1"]
[Date "2023.08.15"]
[WhiteClock "0:00:12"]
[BlackClock "0:00:00"]
[Board "136"]

1. e4 e6 2. b3 d5 3. Bb2 dxe4 4. Nc3 Nf6 5. Qe2 a5 6. a4 Nc6 7. Nxe4 Be7 8. O-O-O Nxe4 9. Qxe4 Bf6 10. d4 O-O 11. g4 Nb4 12. h4 Bd7 13. Rh3 Bc6 14. Qe2 Qd5 15. g5 Be7 16. Re3 Qh1 17. Nh3 Nd5 18. Rg3 Bd6 19. Bg2 Qh2 20. Rh1 Bxg3 21. Rxh2 Bxh2 22. h5 Nf4 23. Nxf4 Bxf4+ 24. Kb1 Bxg2 25. Qg4 Bxg5 26. Qxg5 Be4 27. h6 Bg6 28. d5 f6 29. Qg3 exd5 30. hxg7 Kxg7 31. Qxc7+ Rf7 32. Qb6 Rc8 33. Bxf6+ Kg8 34. Bd4 Rxc2 35. Ka1 Be4 36. Qd8+ Rf8 37. Qe7 Rf7 38. Qg5+ Bg6 39. Qd8+ Rf8 40. Qxd5+ Rf7 41. Qe5 Kf8 42. Qb8+ Ke7 43. Qxb7+ Ke6 44. Qb6+ Kd5 45. Be3 Rfc7 46. Qxa5+ Ke4 47. Qa8+ Kd3 48. Qd5+ Ke2 49. a5 Bd3 50. Qh5+ Ke1 51. Qe5 R7c6 52. f4 Be2 53. Kb1 R2c3 54. Bd4 Rxb3+ 55. Ka2 Rb5 56. Bc3+ Kd1 57. Qe3 1-0


[Site "https://www.chess.com"]

[Event "Titled Tuesday Blitz August 15 Late 2023"]
[White "Coelho, Ramyres Santana"]
[Black "Bochnicka, Vladimir"]
[WhiteFideId "2120690"]
[BlackFideId "14943450"]
[WhiteElo "2279"]
[BlackElo "2477"]
[Result "0-1"]
[Round "2"]
[TimeControl "180+1"]
[Date "2023.08.15"]
[WhiteClock "0:00:25"]
[BlackClock "0:00:24"]
[Board "137"]

1. e4 e5 2. Nf3 Nc6 3. d4 exd4 4. Bc4 Nf6 5. e5 d5 6. Bb5 Ne4 7. Nxd4 Bd7 8. Bxc6 bxc6 9. O-O Bc5 10. f3 Ng5 11. f4 Ne4 12. Nc3 Nxc3 13. bxc3 O-O 14. Be3 Bb6 15. Qd3 Re8 16. Rae1 c5 17. Nf3 Bc6 18. Ng5 g6 19. Bf2 Qd7 20. Qg3 Bb5 21. h4 h5 22. Be3 Bxf1 23. Rxf1 Qg4 24. Qf2 Rad8 25. Bxc5 Qf5 26. Bxb6 axb6 27. Qd4 c5 28. Qd2 d4 29. c4 d3 30. c3 Qg4 31. Ne4 Qe2 32. Nf6+ Kh8 33. Qxe2 dxe2 34. Re1 Rd1 35. Kf2 Rxe1 36. Kxe1 Ra8 37. Kxe2 Rxa2+ 38. Kd3 Rxg2 39. Nd7 Rg4 40. Ke4 Rxh4 41. Nxb6 Rg4 42. Kf3 Rg1 43. Nd7 Rc1 44. Nxc5 Rxc3+ 45. Kg2 Rxc4 46. Nd3 Rd4 47. Nc5 Rxf4 48. Kg3 Rf5 49. Nd3 g5 50. Kh3 Kg7 51. Kg3 Kg6 52. Kg2 g4 53. Kh2 Kg5 54. Kg2 h4 55. e6 fxe6 56. Kh2 g3+ 57. Kh3 Rf3 58. Ne1 Rf2 59. Ng2 Rxg2 60. Kxg2 Kg4 61. Kh1 h3 62. Kg1 e5 63. Kh1 e4 64. Kg1 e3 65. Kf1 Kf3 66. Kg1 h2+ 67. Kh1 g2+ 68. Kxh2 Kf2 69. Kh3 g1=Q 70. Kh4 Qg6 0-1


[Site "https://www.chess.com"]

[Event "Titled Tuesday Blitz August 15 Late 2023"]
[White "Rodriguez Santiago, Jaime"]
[Black "MFatigue"]
[WhiteFideId "3100898"]
[WhiteElo "2277"]
[BlackElo "2475"]
[Result "0-1"]
[Round "2"]
[TimeControl "180+1"]
[Date "2023.08.15"]
[WhiteClock "0:00:42"]
[BlackClock "0:01:12"]
[Board "138"]

1. d4 d5 2. c4 c6 3. cxd5 cxd5 4. Bf4 Nf6 5. e3 Nc6 6. Nc3 Bg4 7. Qb3 Na5 8. Qa4+ Bd7 9. Qc2 Rc8 10. Bd3 b5 11. a3 e6 12. Qe2 a6 13. Rc1 Be7 14. Nf3 Nc4 15. O-O O-O 16. a4 b4 17. Nb1 Bxa4 18. Bxc4 dxc4 19. Ne5 Bb5 20. Rfd1 c3 21. Qc2 cxb2 22. Qxb2 Qb6 23. h3 a5 24. Nd2 a4 25. Ndc4 Qa6 26. Nd2 a3 27. Qa2 Ba4 28. Nb3 Ne4 0-1


[Site "https://www.chess.com"]

[Event "Titled Tuesday Blitz August 15 Late 2023"]
[White "Mortazavi, Ali"]
[Black "Barwinska, Ewa"]
[WhiteFideId "401323"]
[BlackFideId "21833761"]
[WhiteElo "2474"]
[BlackElo "2269"]
[Result "0-1"]
[Round "2"]
[TimeControl "180+1"]
[Date "2023.08.15"]
[WhiteClock "0:00:07"]
[BlackClock "0:00:50"]
[Board "139"]

1. Nf3 d5 2. g3 c5 3. Bg2 Nc6 4. O-O Nf6 5. d3 e5 6. Nbd2 Be7 7. e4 Be6 8. c3 O-O 9. exd5 Nxd5 10. Re1 Qc7 11. Nc4 f6 12. d4 Nxc3 13. bxc3 Bxc4 14. dxe5 Nxe5 15. Nxe5 fxe5 16. Qg4 Bf7 17. Rb1 Rab8 18. a4 b6 19. h4 Bf6 20. h5 Qc8 21. Qe2 Qf5 22. Be4 Qxh5 23. g4 Qh3 24. c4 Qc3 25. g5 Bxc4 26. Qg4 Qxe1+ 27. Kh2 Bxg5 28. Bxg5 Qxf2+ 29. Bg2 Bd5 30. Bh6 Qxg2+ 0-1


[Site "https://www.chess.com"]

[Event "Titled Tuesday Blitz August 15 Late 2023"]
[White "Jovic, Stanoje"]
[Black "Kaminski, Victor"]
[WhiteFideId "905020"]
[BlackFideId "1131630"]
[WhiteElo "2473"]
[BlackElo "2266"]
[Result "1-0"]
[Round "2"]
[TimeControl "180+1"]
[Date "2023.08.15"]
[WhiteClock "0:00:08"]
[BlackClock "0:00:00"]
[Board "140"]

1. c4 e6 2. g3 Nf6 3. Bg2 d5 4. Nf3 Be7 5. O-O O-O 6. d4 dxc4 7. Ne5 c5 8. dxc5 Qc7 9. Nxc4 Bxc5 10. Qc2 Nc6 11. Nc3 Nb4 12. Qb3 a5 13. Bf4 Qe7 14. Na4 Nfd5 15. Nxc5 Nxf4 16. gxf4 Qxc5 17. Ne5 a4 18. Qg3 f6 19. Ng4 Nd5 20. Rac1 Qd6 21. e3 Nb4 22. Rfd1 Qe7 23. a3 Nd5 24. f5 Rd8 25. Bxd5 exd5 26. Rc7 Rd7 27. Rxd7 Bxd7 28. Qc7 Qe4 29. h3 Bxf5 30. Qxb7 Re8 31. Qxd5+ Qxd5 32. Rxd5 Bc2 33. Rc5 Be4 34. Rc4 Bf3 35. Rxa4 h5 36. Kh2 hxg4 37. hxg4 Be2 38. Kg3 Rb8 39. b4 Bb5 40. Ra7 Bc4 41. f4 Re8 42. Rc7 Bd5 43. Rc3 Be4 44. b5 Rb8 45. a4 Ra8 46. Ra3 Ra5 47. Kf2 Bd3 48. Rb3 Bc4 49. Rb4 Bd5 50. e4 Bb7 51. Ke3 Kf7 52. Kd4 Ke7 53. Kc5 Kd7 54. Kb6 Rxa4 55. Rxa4 Bc8 56. Ra7+ 1-0


[Site "https://www.chess.com"]

[Event "Titled Tuesday Blitz August 15 Late 2023"]
[White "Ai, Evan"]
[Black "Yang, Kevin"]
[WhiteFideId "2094770"]
[BlackFideId "30908485"]
[WhiteElo "2262"]
[BlackElo "2473"]
[Result "1-0"]
[Round "2"]
[TimeControl "180+1"]
[Date "2023.08.15"]
[WhiteClock "0:00:13"]
[BlackClock "0:00:00"]
[Board "141"]

1. e4 e6 2. d4 d5 3. Nd2 a6 4. c3 Nf6 5. e5 Nfd7 6. f4 c5 7. Ngf3 Nc6 8. Nb3 Qc7 9. Be2 a5 10. Be3 a4 11. Nbd2 Qb6 12. Qc1 Be7 13. O-O O-O 14. a3 Na5 15. Qc2 Nb3 16. Nxb3 Qxb3 17. Qxb3 axb3 18. Nd2 c4 19. f5 exf5 20. Rxf5 Nb6 21. Rf2 Na4 22. Bf3 Be6 23. Nf1 Ra5 24. g4 Rfa8 25. Bc1 Bh4 26. Re2 Nb6 27. Ng3 g6 28. Kg2 Nd7 29. Kh3 Be7 30. Kg2 Nb8 31. Rf2 Nc6 32. Ne2 b5 33. Rb1 Ra4 34. Nf4 Rd8 35. Nxe6 fxe6 36. g5 Rf8 37. Bg4 Rf5 38. Bxf5 exf5 39. Bf4 Kf7 40. Re2 Nd8 41. h4 Ne6 42. Kf3 Ra6 43. Rh1 Ra8 44. Bc1 Rg8 45. Rg2 Rd8 46. Bd2 Ra8 47. h5 Rg8 48. hxg6+ hxg6 49. Rh7+ Rg7 50. Rxg7+ Kxg7 51. Rg1 Bd8 52. Kg3 Bxg5 53. Bxg5 Nxg5 54. Ra1 Ne4+ 55. Kf4 Kf7 56. a4 b4 57. cxb4 c3 58. bxc3 Nxc3 59. a5 b2 60. Re1 b1=Q 61. Rxb1 Nxb1 62. a6 Na3 63. a7 Nc2 64. a8=Q Nxd4 65. Qxd5+ Ne6+ 66. Ke3 g5 67. Qd7+ 1-0


[Site "https://www.chess.com"]

[Event "Titled Tuesday Blitz August 15 Late 2023"]
[White "Yeritsyan, Hayk"]
[Black "Garrido, Denis"]
[WhiteFideId "13307320"]
[BlackFideId "601217"]
[WhiteElo "2471"]
[BlackElo "2257"]
[Result "1-0"]
[Round "2"]
[TimeControl "180+1"]
[Date "2023.08.15"]
[WhiteClock "0:00:07"]
[BlackClock "0:00:18"]
[Board "142"]

1. d4 Nf6 2. Nf3 d5 3. e3 e6 4. Bd3 c5 5. c3 Nc6 6. Nbd2 Bd6 7. Qe2 e5 8. dxc5 Bxc5 9. e4 O-O 10. O-O Re8 11. exd5 Nxd5 12. Ne4 Bf8 13. Rd1 h6 14. Bc4 Be6 15. Be3 f5 16. Nc5 Bxc5 17. Bxc5 Qd7 18. Nxe5 Nxe5 19. Qxe5 Qf7 20. Bxd5 Bxd5 21. Qxd5 Re1+ 22. Rxe1 Qxd5 23. Bd4 Rd8 24. Re5 Qd7 25. Rae1 Qa4 26. a3 Rxd4 27. cxd4 Qxd4 28. Rxf5 Qxb2 29. Rf3 b5 30. g3 a5 31. h4 Qd2 32. Ree3 b4 33. axb4 axb4 34. Rb3 Kh7 35. Kg2 Kg6 36. Kh2 h5 37. Rf4 Kh6 38. Rbxb4 g6 39. Kg2 Qd5+ 40. Rbe4 Kg7 41. Kh2 Kh6 42. Re3 Kg7 43. Ref3 Kh6 44. Rf8 g5 45. R8f6+ Kg7 46. R6f5 Qe4 47. Rxg5+ Kh6 48. Rgf5 Kh7 49. Rxh5+ Kg6 50. Rg5+ Kh6 51. Rgf5 Qe1 52. R5f4 Kg7 53. Rg4+ Kh6 54. Rg5 Qf1 55. Rf6+ Kh7 56. Rf4 Qa6 57. Rgf5 Qe2 58. g4 Qf1 59. h5 Qa6 60. Rf7+ Kh6 61. R4f6+ 1-0


[Site "https://www.chess.com"]

[Event "Titled Tuesday Blitz August 15 Late 2023"]
[White "Bobkov, Vadim"]
[Black "Ardila, Oscar Humberto"]
[WhiteFideId "34110876"]
[BlackFideId "4404742"]
[WhiteElo "2462"]
[BlackElo "2253"]
[Result "0-1"]
[Round "2"]
[TimeControl "180+1"]
[Date "2023.08.15"]
[WhiteClock "0:00:00"]
[BlackClock "0:00:15"]
[Board "143"]

1. d4 Nf6 2. c4 g6 3. Nc3 Bg7 4. Nf3 d6 5. Bg5 O-O 6. e3 Bg4 7. Be2 Nbd7 8. O-O e5 9. h3 Bxf3 10. Bxf3 exd4 11. exd4 c6 12. Re1 Re8 13. Qd2 Qa5 14. Bf4 d5 15. c5 b6 16. Rad1 bxc5 17. Nxd5 Qxd2 18. Nxf6+ Nxf6 19. Rxe8+ Nxe8 20. Rxd2 Bxd4 21. Bxc6 Rc8 22. Bb7 Rd8 23. b3 Nd6 24. Bd5 Kg7 25. Re2 Nf5 26. Bc4 Nd6 27. Bxd6 Rxd6 28. Kf1 Kf6 29. Re8 Rd7 30. a4 Bc3 31. Kg1 h5 32. g3 a5 33. Rc8 Bb4 34. Kg2 Re7 35. Rc6+ Kg7 36. Kf3 Ba3 37. Ra6 Bb4 38. Ra8 Bc3 39. Rc8 Bb4 40. Rc6 g5 41. h4 g4+ 42. Kf4 Bd2+ 43. Kf5 Be1 44. Rxc5 Bxf2 45. Rxa5 Bxg3 46. Kg5 Re5+ 47. Rxe5 Bxe5 48. Kxh5 g3 49. Bd5 f5 50. Kg5 f4 0-1


[Site "https://www.chess.com"]

[Event "Titled Tuesday Blitz August 15 Late 2023"]
[White "Bueno, Alfeu Junior Varela"]
[Black "LuxLinster"]
[WhiteFideId "2108879"]
[WhiteElo "2459"]
[BlackElo "2251"]
[Result "0-1"]
[Round "2"]
[TimeControl "180+1"]
[Date "2023.08.15"]
[WhiteClock "0:00:05"]
[BlackClock "0:00:27"]
[Board "144"]

1. e4 e5 2. Nc3 Nc6 3. Bc4 Nf6 4. d3 Na5 5. f4 Nxc4 6. dxc4 exf4 7. Bxf4 Bb4 8. e5 Ne4 9. Qd4 Nxc3 10. bxc3 Be7 11. Nf3 O-O 12. c5 b6 13. cxb6 axb6 14. Be3 Bb7 15. O-O Bc5 16. Qf4 Bxe3+ 17. Qxe3 Qe7 18. Nd4 g6 19. Qg3 Ra5 20. Rae1 Kh8 21. e6 dxe6 22. Qf2 e5 23. Nb3 Rxa2 24. Re3 Bd5 25. Rfe1 Bxb3 26. Rxe5 Qd6 27. Qe3 Rxc2 28. Qh6 Bd5 29. Rxd5 Rxg2+ 30. Kxg2 Qxd5+ 31. Kg3 Rd8 32. Re3 Qd6+ 33. Kf3 Qf6+ 34. Kg3 Kg8 35. Qh3 Kg7 36. Qg4 Rd5 37. Qc4 Rg5+ 38. Kh3 Qf5+ 39. Kh4 Rh5+ 40. Kg3 Rh3+ 41. Kg2 Rxe3 42. Qd4+ Qe5 43. Qxe5+ 0-1


[Site "https://www.chess.com"]

[Event "Titled Tuesday Blitz August 15 Late 2023"]
[White "Baches Garcia, Guillermo"]
[Black "Cooper, Aaron"]
[WhiteFideId "2209764"]
[BlackFideId "2634945"]
[WhiteElo "2458"]
[BlackElo "2249"]
[Result "1-0"]
[Round "2"]
[TimeControl "180+1"]
[Date "2023.08.15"]
[WhiteClock "0:00:25"]
[BlackClock "0:00:03"]
[Board "145"]

1. e4 d5 2. exd5 Qxd5 3. Nc3 Qd6 4. g3 Nf6 5. Bg2 a6 6. Nge2 Nc6 7. d3 e5 8. O-O Be7 9. Bg5 Qd8 10. Qd2 O-O 11. h3 Be6 12. Rae1 Nd5 13. Bxe7 Ndxe7 14. f4 f6 15. fxe5 Nxe5 16. Nf4 Bf7 17. Qf2 Rb8 18. b3 N7g6 19. Nxg6 hxg6 20. a4 b5 21. axb5 axb5 22. Ne4 Re8 23. Nc5 Qd6 24. b4 Nc6 25. c3 Bd5 26. d4 Ra8 27. Qf4 Bxg2 28. Kxg2 Rxe1 29. Rxe1 Ra2+ 30. Kg1 Qxf4 31. gxf4 Rc2 32. d5 Na7 33. Re7 Rc1+ 34. Kg2 Rxc3 35. Rxc7 Rc4 36. Rxa7 Rxb4 37. d6 Rd4 38. d7 Kh7 39. Ne6 Rd2+ 40. Kf3 b4 41. d8=Q 1-0


[Site "https://www.chess.com"]

[Event "Titled Tuesday Blitz August 15 Late 2023"]
[White "Fernandez Hernandez, Gerardo"]
[Black "Avila Rodriguez, Joshua Ad"]
[WhiteFideId "2207400"]
[BlackFideId "5126444"]
[WhiteElo "2247"]
[BlackElo "2457"]
[Result "0-1"]
[Round "2"]
[TimeControl "180+1"]
[Date "2023.08.15"]
[WhiteClock "0:00:00"]
[BlackClock "0:00:17"]
[Board "146"]

1. e4 c5 2. Nc3 d6 3. f4 g6 4. Nf3 Bg7 5. Bc4 Nc6 6. O-O e6 7. d4 cxd4 8. Nb5 a6 9. Nbxd4 Nxd4 10. Nxd4 Nf6 11. e5 Ne4 12. Qf3 d5 13. Bb3 O-O 14. Be3 Bd7 15. c4 Bc6 16. Nxc6 bxc6 17. Rad1 a5 18. Bc2 f5 19. exf6 Nxf6 20. Bc5 Rf7 21. Rfe1 Qd7 22. Qh3 Re8 23. Kh1 Nh5 24. g3 Bxb2 25. Bb3 Bc3 26. Re2 Nf6 0-1


[Site "https://www.chess.com"]

[Event "Titled Tuesday Blitz August 15 Late 2023"]
[White "tomobeast"]
[Black "Villiers, Thomas"]
[BlackFideId "427209"]
[WhiteElo "2243"]
[BlackElo "2456"]
[Result "0-1"]
[Round "2"]
[TimeControl "180+1"]
[Date "2023.08.15"]
[WhiteClock "0:01:12"]
[BlackClock "0:01:23"]
[Board "147"]

1. e4 e6 2. d4 b6 3. Nc3 Bb7 4. f4 Bb4 5. Bd3 Nf6 6. Qe2 d5 7. e5 Ne4 8. Bxe4 dxe4 9. Be3 Nd7 10. Qd2 f5 11. O-O-O Qe7 12. Nge2 O-O-O 13. g4 g6 14. h4 c5 15. a3 cxd4 16. Bxd4 Bxa3 17. bxa3 Qxa3+ 18. Kb1 Nc5 19. Qe3 Ba6 20. Bxc5 bxc5 21. Qc1 Qa5 22. Rxd8+ Rxd8 23. Rd1 Bxe2 24. Rxd8+ Kxd8 25. Nxe2 Qb5+ 26. Qb2 Qxe2 27. Qb8+ Kd7 28. Qxa7+ Kc6 29. Qa8+ Kb5 30. Qb7+ Ka5 31. Qc7+ Kb4 32. c3+ Kc4 33. Qc6 Qd1+ 34. Ka2 Qb3+ 35. Ka1 Qxc3+ 36. Ka2 Qa5+ 37. Kb1 Qb5+ 0-1


[Site "https://www.chess.com"]

[Event "Titled Tuesday Blitz August 15 Late 2023"]
[White "De Souza, Cristiano Gomes"]
[Black "Olsson, William"]
[WhiteFideId "2151758"]
[BlackFideId "1741721"]
[WhiteElo "2240"]
[BlackElo "2453"]
[Result "1-0"]
[Round "2"]
[TimeControl "180+1"]
[Date "2023.08.15"]
[WhiteClock "0:00:15"]
[BlackClock "0:00:00"]
[Board "148"]

1. d4 d5 2. c4 c6 3. Nf3 e6 4. Nc3 Nf6 5. Bg5 h5 6. e3 Be7 7. Rc1 Nbd7 8. Be2 Ne4 9. Bxe7 Qxe7 10. O-O Nxc3 11. Rxc3 dxc4 12. Bxc4 e5 13. d5 Nb6 14. dxc6 bxc6 15. Bb3 Bb7 16. Qe2 O-O 17. Rfc1 g6 18. h4 a5 19. a3 Rfd8 20. Ng5 Nd5 21. Rc5 f6 22. e4 fxg5 23. exd5 cxd5 24. Qc2 e4 25. hxg5 Qxg5 26. Rc7 Rac8 27. Qd1 Qf4 28. Rxc8 Bxc8 29. Bxd5+ Kf8 30. Rc5 e3 31. Qe1 exf2+ 32. Qxf2 Qxf2+ 33. Kxf2 a4 34. Ke3 Bf5 35. Kd4 g5 36. Ke5 Bd3 37. Rc7 g4 38. Kf6 Rb8 39. Rf7+ Ke8 40. Bc6+ Kd8 41. Rf8+ Kc7 42. Rxb8 Kxb8 43. Bxa4 h4 44. Bd7 h3 45. gxh3 g3 46. Bc6 1-0


[Site "https://www.chess.com"]

[Event "Titled Tuesday Blitz August 15 Late 2023"]
[White "Jakic, Ivan"]
[Black "Vaglio Munoz, Jaime"]
[WhiteFideId "14504901"]
[BlackFideId "6500145"]
[WhiteElo "2449"]
[BlackElo "2240"]
[Result "1-0"]
[Round "2"]
[TimeControl "180+1"]
[Date "2023.08.15"]
[WhiteClock "0:00:35"]
[BlackClock "0:00:00"]
[Board "149"]

1. e4 c5 2. Nf3 Qa5 3. Nc3 a6 4. g3 b5 5. Bg2 Bb7 6. O-O b4 7. Nd5 e6 8. Nf4 Bxe4 9. Re1 Nf6 10. d4 cxd4 11. Nxd4 Bxg2 12. Kxg2 Be7 13. Qf3 Ra7 14. Bd2 Qb6 15. Be3 Qb7 16. Nb3 Qxf3+ 17. Kxf3 Rc7 18. Nd3 Nc6 19. Bf4 Rc8 20. c3 Nd5 21. c4 Nxf4 22. gxf4 O-O 23. Rad1 Bf6 24. Ne5 Bxe5 25. fxe5 f6 26. exf6 Rxf6+ 27. Kg3 Rcf8 28. Re2 Rg6+ 29. Kh3 Rf3+ 30. Kh4 Rf4+ 31. Kh3 Rf5 32. Re4 Ne5 33. Red4 Nf3 34. Rg4 Rh5+ 35. Kg3 Rf6 36. Rxd7 g6 37. Nd4 Ne5 38. Rd8+ Kg7 39. Re4 Rg5+ 40. Kh3 Kh6 41. f4 Rh5+ 42. Kg3 Nd3 43. Nxe6 g5 44. fxg5+ Kg6 45. gxf6 Nc5 46. Nxc5 Rxc5 47. Rd5 Rc8 48. f7 Kxf7 49. Rf5+ Kg6 50. Kf4 Rc6 51. h4 h5 52. b3 a5 53. Ree5 a4 54. Rg5+ Kf7 55. Ref5+ Ke8 56. Rxh5 axb3 57. axb3 Rd6 58. Re5+ Kf7 59. Rd5 Re6 60. Rhe5 Rh6 61. h5 Ra6 62. Rf5+ Ke7 63. Rde5+ Kd7 64. Kg5 Ra1 65. Kf6 Ra6+ 66. Kg7 Ra7 67. Rf7+ 1-0


[Site "https://www.chess.com"]

[Event "Titled Tuesday Blitz August 15 Late 2023"]
[White "Gurevich, Dmitry"]
[Black "Kohler, Aran"]
[WhiteFideId "2000407"]
[BlackFideId "1002856"]
[WhiteElo "2449"]
[BlackElo "2232"]
[Result "1-0"]
[Round "2"]
[TimeControl "180+1"]
[Date "2023.08.15"]
[WhiteClock "0:01:15"]
[BlackClock "0:01:11"]
[Board "150"]

1. d4 d5 2. c4 c6 3. e3 Nf6 4. Nf3 Bf5 5. Nc3 e6 6. Bd3 Bxd3 7. Qxd3 dxc4 8. Qxc4 Nbd7 9. O-O Bd6 10. e4 e5 11. Rd1 Qc7 12. h3 O-O 13. Bg5 Nb6 14. Qb3 Nfd7 15. Rac1 Qb8 16. a4 exd4 17. Nxd4 Ne5 18. Nf5 Bc7 19. Ne2 Ng6 20. g3 Kh8 21. h4 f6 22. Be3 Ne5 23. Kg2 Qe8 24. f3 Rb8 25. Nf4 Rf7 26. Nd6 Bxd6 27. Rxd6 Nbd7 28. Rcd1 b6 29. Ne6 Nc5 30. Bxc5 bxc5 31. Qxb8 Qxb8 32. Rd8+ Rf8 33. Rxf8+ 1-0


[Site "https://www.chess.com"]

[Event "Titled Tuesday Blitz August 15 Late 2023"]
[White "laidfrq"]
[Black "KrokerGuy"]
[WhiteElo "2232"]
[BlackElo "2448"]
[Result "1-0"]
[Round "2"]
[TimeControl "180+1"]
[Date "2023.08.15"]
[WhiteClock "0:00:36"]
[BlackClock "0:00:00"]
[Board "151"]

1. e4 e5 2. Nf3 Nc6 3. Bb5 a6 4. Ba4 Nf6 5. O-O Be7 6. Re1 b5 7. Bb3 d6 8. c3 O-O 9. h3 Nb8 10. d4 Nbd7 11. Nbd2 Bb7 12. a4 Re8 13. Ng5 Rf8 14. Ngf3 c5 15. d5 c4 16. Bc2 Nc5 17. Nf1 Nfd7 18. Ng3 g6 19. Bh6 Re8 20. Qd2 Nb6 21. a5 Nba4 22. Bxa4 Nxa4 23. Nh2 Qxa5 24. Ng4 Qc7 25. Bg5 Nc5 26. Bxe7 Qxe7 27. Qh6 Nd3 28. Nh5 f5 29. Ngf6+ Kh8 30. Nxe8 Rxe8 31. exf5 gxh5 32. Re3 Rg8 33. Rg3 Rxg3 34. fxg3 Bxd5 35. Rxa6 e4 36. Rxd6 e3 37. f6 Qf7 38. Rd8+ 1-0


[Site "https://www.chess.com"]